 Dungeon Crawl Stone Soup version 0.20-a0-871-g785f14b (webtiles) character file.

3875 Elitist the Martial Artist (level 10, -7/54 HPs)
             Began as a Vine Stalker Artificer on Mar 14, 2017.
             Was a Priest of Ru.
             Killed from afar by Pikel (9 damage)
             ... with a wand of acid (?/15)
             ... on level 8 of the Dungeon.
             The game lasted 00:17:36 (7064 turns).

Elitist the Martial Artist (Vine Stalker Artificer) Turns: 7064, Time: 00:17:37

Health: -7/54      AC:  4    Str: 14 (15) XL:     10   Next: 19%
Magic:  0/14       EV: 14    Int: 14 (16) God:    Ru [***...]
Gold:   522        SH:  0    Dex: 18      Spells: 8/9 levels left

rFire    . . .     SeeInvis .     - Unarmed
rCold    . . .     Gourm    .   A - +1 ring mail {rN+}
rNeg     + . .     Faith    .   (no shield)
rPois    .         Spirit   +   j - +1 helmet
rElec    .         Reflect  .   y - +0 cloak
rCorr    .         Harm     .   n - +0 pair of gloves
MR       +....                  o - +0 pair of boots
Stlth    +.........             (no amulet)
Regen    0.6/turn               G - +4 ring of evasion
MPRegen  0.2/turn               F - +3 ring of intelligence

@: exhausted, corroded, drained
A: fangs 3, rugged brown scales 1, clever 1, deterioration 1, low mp 1,
regeneration 1, wild magic 1, evolution 1, magic shield, antimagic bite, no
potion heal 3, rot immunity, MP-powered wands, unskilled 1, missing an eye
a: Draw Out Power, Renounce Religion


You were on level 8 of the Dungeon.
You worshipped Ru.
Ru was most pleased with you.
You were not hungry.

You visited 2 branches of the dungeon, and saw 9 of its levels.
You also visited: Ossuary.

You collected 522 gold pieces.

Inventory:

Missiles
 z - 10 tomahawks (quivered)
 D - 7 poisoned tomahawks
Armour
 j - a +1 helmet (worn)
 n - a +0 pair of gloves (worn)
 o - a +0 pair of boots (worn)
 y - a +0 cloak (worn)
 A - a +1 ring mail of positive energy (worn)
 H - a +0 ring mail
 R - +0 steam dragon scales
 S - a +1 ring mail of magic resistance
Jewellery
 h - a +3 ring of evasion
 F - a +3 ring of intelligence (left hand)
 G - a +4 ring of evasion (right hand)
 N - an uncursed ring of protection from magic {unknown}
 Q - an uncursed ring of fire {unknown}
Wands
 c - a wand of flame (13/48)
 d - a wand of enslavement (23/24)
 e - a wand of random effects (13/48)
 B - a wand of confusion (10/48)
 P - a wand of iceblast (7/15)
Scrolls
 g - 6 scrolls of identify
 i - 7 scrolls of remove curse
 q - a scroll of enchant armour
 t - 2 scrolls of blinking {unknown}
 x - a scroll of fear {unknown}
 C - 2 scrolls of fog
 E - a scroll of enchant weapon
 I - 5 scrolls of teleportation
Potions
 a - 5 potions of mutation
 k - 5 potions of curing {unknown}
 m - a potion of resistance {unknown}
 p - 3 potions of invisibility {unknown}
 s - 2 potions of heal wounds {unknown}
 u - 3 potions of haste
 v - 2 potions of cancellation {unknown}
 w - a potion of lignification {unknown}
 J - 3 potions of brilliance {unknown}
 M - 2 potions of degeneration {unknown}
Comestibles
 b - 6 fruits
 f - 5 bread rations
 l - 3 royal jellies
 r - 5 meat rations
 K - 2 chunks of flesh


   Skills:
 + Level 6.1(5.8) Fighting
   Level 0.7(0.4) Short Blades
 - Level 1.3(1.0) Dodging
 - Level 1.1(0.8) Stealth
 * Level 9.4(9.0) Unarmed Combat
 - Level 6.1(5.8) Evocations


You had 8 spell levels left.
You knew the following spells:

 Your Spells              Type           Power        Failure   Level  Hunger
a - Confusing Touch       Hex            #.....       71%         1    ##.....


Dungeon Overview and Level Annotations

Branches:
Dungeon (8/15)             Temple (1/1) D:7
   Lair: D:8-11

Altars:
Ashenzari
Cheibriados
Dithmenos
Elyvilon
Fedhas
Gozag
Hepliaklqana
Kikubaaqudgha
Makhleb
Nemelex Xobeh
Okawaru
Qazlal
Ru
Sif Muna
Trog
Uskayaw
Vehumet
Wu Jian
Xom
Yredelemnul
Zin
The Shining One

Shops:
D:5 [

Annotations:
D:8 Pikel


Innate Abilities, Weirdness & Mutations

You have razor-sharp teeth.
Your magical capacity is low. (-10% MP)
Your natural rate of healing is unusually fast.
When hurt, damage is shared between your health and your magic reserves.
Your bite disrupts and absorbs the magic of your enemies.
Potions cannot restore your health.
You are immune to rotting.
You are somewhat unskilled. (-1 Apt)
You are missing an eye, making it more difficult to aim.
You are partially covered in rugged brown scales. (AC +1, +3% HP)
Your mind is acute. (Int +2)
Your body sometimes deteriorates upon taking damage.
Your spells are a little harder to cast, but a little more powerful.
You evolve.
You expend magic power (3 MP) to strengthen your wands.


Message History

Unknown command.
You hit Pikel but do no damage. Your bite misses Pikel.
Pikel is lightly wounded.
Pikel hits you but does no damage.
You barely miss Pikel. Your bite misses Pikel.
Pikel is lightly wounded.
Pikel hits you with a whip of flaming. Pikel burns you.
You miss Pikel. Your bite misses Pikel.
Pikel is lightly wounded.
Pikel hits you but does no damage.
You hit Pikel but do no damage. Your bite misses Pikel.
Pikel is lightly wounded.
Pikel zaps a wand.
The bolt of acid hits you!
* * * LOW HITPOINT WARNING * * *
The acid corrodes you!
You are splashed with acid!
The acid burns!
* * * LOW HITPOINT WARNING * * *
Unknown command.
Pikel says, "You'll fetch a fair price!"
Pikel zaps a wand.
The bolt of acid hits you!
You die...

#.....# #.....# #######
#.....# #.....# ##
#####.....#####.....###.
...>.......|..'.....'.'.
##..#.....#####:....###.
......#.#######.....###.
##.....................
......#@###############.
#######.# #. #K# ## #
#.# ....###'#######
#...p.......#
#..[.†p.....#
#....p......#
#!......#######


You could see Pikel and 3 neutral freed slaves.

Vanquished Creatures
  The ghost of Likado the Cudgeler, a novice DDGl of Makhleb (D:5)
  A wraith (Ossuary)
  A steam dragon (D:7)
  2 wyverns (D:8)
  4 orc warriors
  A sky beast (D:8)
  2 ogres
  4 centaurs
  6 bullfrogs
  An elf zombie (Ossuary)
  5 scorpions
  A howler monkey (D:5)
  3 crimson imps
  A human zombie (Ossuary)
  3 jellies
  Crazy Yiuf (D:3)
  3 hounds
  An orc priest (D:7)
  A centaur skeleton (D:6)
  Ijyb (D:3)
  Jessica (D:2)
  A bullfrog skeleton (D:4)
  2 iguanas
  8 orc wizards
  5 worker ants
  A big kobold zombie (Ossuary)
  3 mummies (Ossuary)
  A worker ant zombie (D:6)
  12 gnolls
  11 adders
  An ooze (D:6)
  3 adder skeletons
  A worm (D:2)
  4 dart slugs
  5 leopard geckos
  30 orcs
  3 ball pythons (D:3)
  6 giant cockroaches
  5 goblins
  9 jackals
  4 quokkas
  3 bats
  3 frilled lizards
  A goblin zombie (Ossuary)
  5 hobgoblin zombies (Ossuary)
  A jackal skeleton (D:8)
  4 kobolds
  A kobold zombie (Ossuary)
  9 rats
186 creatures vanquished.

Notes
Turn   | Place    | Note
-------+----------+-------------------------------------------
     0 | D:1      | Elitist the Vine Stalker Artificer began the quest for the Orb.
     0 | D:1      | Reached XP level 1. HP: 9/9 MP: 3/3
    94 | D:1      | Reached skill level 1 in Fighting
   255 | D:1      | Reached XP level 2. HP: 14/14 MP: 3/5
   293 | D:1      | Reached skill level 1 in Unarmed Combat
   719 | D:2      | Noticed Jessica
   727 | D:2      | Killed Jessica
   727 | D:2      | Reached skill level 2 in Unarmed Combat
   727 | D:2      | Reached XP level 3. HP: 18/18 MP: 6/6
   790 | D:2      | Found a shimmering altar of Xom.
   804 | D:2      | Found a glowing golden altar of the Shining One.
   804 | D:2      | Found a snail-covered altar of Cheibriados.
   805 | D:2      | Found a hazy altar of Hepliaklqana.
   837 | D:2      | Found a sacrificial altar of Ru.
   937 | D:2      | Found a hide-covered altar of Uskayaw.
  1010 | D:2      | Gained mutation: Your natural rate of healing is unusually fast. [Vine Stalker growth]
  1010 | D:2      | Reached XP level 4. HP: 13/23 MP: 7/7
  1329 | D:2      | Found a faded altar of an unknown god.
  1437 | D:2      | Became a worshipper of Ru the Awakened
  1575 | D:2      | Found a basalt altar of Yredelemnul.
  1581 | D:2      | Found a deep blue altar of Sif Muna.
  1752 | D:3      | Found a runed door.
  1820 | D:3      | Noticed Ijyb
  1846 | D:3      | Killed Ijyb
  1846 | D:3      | Reached skill level 3 in Unarmed Combat
  1846 | D:3      | Reached XP level 5. HP: 26/26 MP: 8/8
  2477 | D:3      | Noticed Crazy Yiuf
  2539 | D:3      | Killed Crazy Yiuf
  2709 | D:4      | Noticed an ogre
  2717 | D:4      | Killed an ogre
  2717 | D:4      | Reached skill level 4 in Unarmed Combat
  2717 | D:4      | Reached XP level 6. HP: 8/32 MP: 9/9
  2929 | D:4      | Found an iron altar of Okawaru.
  3184 | D:3      | Reached XP level 7. HP: 21/36 MP: 6/11
  3188 | D:3      | Gained mutation: Your magical capacity is low. (-10% MP) [Ru sacrifice]
  3363 | D:4      | Reached skill level 5 in Unarmed Combat
  3678 | D:5      | Entered Level 5 of the Dungeon
  3678 | D:5      | Found a shadowy altar of Dithmenos.
  3700 | D:5      | Noticed Likado's ghost (novice DDGl)
  3810 | D:5      | Found Coifourgh's Armour Boutique.
  4333 | D:5      | Reached skill level 6 in Unarmed Combat
  4333 | D:5      | Gained mutation: You have razor-sharp teeth. [Vine Stalker growth]
  4333 | D:5      | Reached XP level 8. HP: 30/42 MP: 11/11
  4346 | D:5      | Killed Likado's ghost
  4346 | D:5      | Reached skill level 5 in Evocations
  4697 | D:6      | Reached skill level 7 in Unarmed Combat
  4900 | D:6      | Reached skill level 5 in Fighting
  5010 | D:6      | Reached XP level 9. HP: 42/47 MP: 12/12
  5059 | D:6      | Gained mutation: You are somewhat unskilled. (-1 Apt) [Ru sacrifice]
  5059 | D:6      | Reached * piety under Ru
  5059 | D:6      | Reached ** piety under Ru
  5164 | D:6      | Reached skill level 5 in Fighting
  5455 | D:7      | Found a staircase to the Ecumenical Temple.
  5471 | D:7      | Reached skill level 8 in Unarmed Combat
  5493 | Temple   | Entered the Ecumenical Temple
  6344 | D:8      | Reached XP level 10. HP: 45/53 MP: 10/14
  6437 | D:8      | Found a sand-covered staircase.
  6448 | D:8      | Learned a level 1 spell: Confusing Touch
  6450 | Ossuary  | Entered an ossuary
  6533 | Ossuary  | Reached skill level 9 in Unarmed Combat
  6562 | Ossuary  | Gained mutation: You are missing an eye, making it more difficult to aim. [Ru sacrifice]
  6562 | Ossuary  | Reached *** piety under Ru
  6950 | D:8      | Gained mutation: You are partially covered in thin metallic scales. (AC +2) [potion of mutation]
  6950 | D:8      | Gained mutation: Your spells are a little harder to cast, but a little more powerful. [potion of mutation]
  6950 | D:8      | Gained mutation: You are clumsy. (Dex -2) [potion of mutation]
  6950 | D:8      | Gained mutation: You have supernaturally acute eyesight. (SInv) [potion of mutation]
  6951 | D:8      | Lost mutation: You have supernaturally acute eyesight. (SInv) [potion of mutation]
  6951 | D:8      | Lost mutation: You are partially covered in thin metallic scales. (AC +2) [potion of mutation]
  6951 | D:8      | Lost mutation: Your spells are a little harder to cast, but a little more powerful. [potion of mutation]
  6951 | D:8      | Lost mutation: You are clumsy. (Dex -2) [potion of mutation]
  6951 | D:8      | Gained mutation: Your mind is acute. (Int +2) [potion of mutation]
  6951 | D:8      | Gained mutation: You expend magic power (3 MP) to strengthen your wands. [potion of mutation]
  6951 | D:8      | Gained mutation: You evolve. [potion of mutation]
  6951 | D:8      | Gained mutation: Your spells are a little harder to cast, but a little more powerful. [potion of mutation]
  6953 | D:8      | Gained mutation: You rapidly evolve. [mutagenic meat]
  6954 | D:8      | Gained mutation: You are partially covered in rugged brown scales. (AC +1, +3% HP) [mutagenic meat]
  6955 | D:8      | Lost mutation: You rapidly evolve. [mutagenic meat]
  6956 | D:8      | Gained mutation: Your body sometimes deteriorates upon taking damage. [mutagenic meat]
  7032 | D:8      | Noticed Pikel
  7063 | D:8      | HP: 1/54 [acid (11)]
  7064 | D:8      | Killed from afar by Pikel

Vault maps used:
D:1:      nagdon_arrival_double_spiral
D:2:      nicolae_overflow_quartered_altars, old_standard_altar,
          amethyst_overflow_temple_binary, xom_teletrap_fun,
          chequers_ecumenical_altar_grove, uniq_jessica
D:3:      serial_curves, eino_curves_03, eino_curves_03, uniq_iyjb,
          uniq_crazy_yiuf_cottage
D:4:      okawaru_ov_weapons_minmay, first_bread, kennysheep_decorative_pillar
D:5:      serial_shops, nicolae_shop_temple_entry_statues_fountains,
          minmay_misc_feat_tower, roderic_whirl,
          grunt_dithmenos_smoke_and_mirrors
D:7:      minmay_temple_entry_glassed_door
D:8:      kennysheep_spiral_hall, david_lair_shrubbed, enter_ossuary_2,
          serial_shops, shop, uniq_pikel, uniq_erica
Temple:   oiseaux_autumnal_temple
Ossuary:  ossuary_kennysheep_city_of_the_dead

Skill      XL: |  1  2  3  4  5  6  7  8  9 10 |
---------------+-------------------------------+-----
Fighting       | 1 2 3 4 5 5 6 |  6.1
Unarmed Combat | 2 3 4 6 7 8 9 |  9.4
Evocations     | 3 4 5 6 |  6.1
Short Blades   | |  0.7
Dodging        | |  1.3
Stealth        | |  1.1

Action                   |  1- 3 |  4- 6 |  7- 9 | 10-12 || total
-------------------------+-------+-------+-------+-------++-------
Melee: Unarmed           |    96 |   191 |   474 |   104 ||   865
       Bite              |    25 |    61 |   154 |    39 ||   279
       Punch             |       |     4 |    21 |     6 ||    31
Invok: Sacrifice Essence |       |       |     1 |       ||     1
       Sacrifice Skill   |       |       |     1 |       ||     1
       Draw Out Power    |       |       |       |     1 ||     1
       Sacrifice an Eye  |       |       |       |     1 ||     1
Evoke: Wand              |       |     9 |     4 |     5 ||    18
  Use: Scroll            |       |       |     9 |     2 ||    11
       Potion            |       |       |       |     2 ||     2
 Stab: Sleeping          |     1 |     1 |     1 |       ||     3
       Paralysed         |       |     3 |       |       ||     3
       Confused          |       |       |     4 |     4 ||     8
       Distracted        |       |       |     1 |       ||     1
  Eat: Chunk             |       |     7 |    11 |     8 ||    26
Armor: Chain mail        |    80 |    12 |       |       ||    92
       Ring mail         |       |    60 |   143 |    28 ||   231
Dodge: Dodged            |    27 |    97 |   300 |    40 ||   464
